 Dungeon Crawl Stone Soup version 0.32-a0-136-gc02482bde3 (webtiles) character file.

Game seed: 13529229486530038133

1513599 AutarchDCSS the Conqueror (level 27, 273/273 HPs)
             Began as a Minotaur Shapeshifter on Feb 10, 2024.
             Was an Initiate of Gozag.
             Escaped with the Orb
             ... and 3 runes!
             The game lasted 03:19:46 (92011 turns).

AutarchDCSS the Conqueror (Minotaur Shapeshifter)  Turns: 92011, Time: 03:19:47

Health: 273/273    AC: 40    Str: 35    XL:     27
Magic:  35/35      EV: 16    Int:  5    God:    Gozag
Gold:   3014       SH: 32    Dex: 16    Spells: 27/32 levels left

rFire   + + .        Q - +7 eveningstar (freeze)
rCold   . . .        U - +6 kite shield of the Lich-sworn {Rampage Slay+3}
rNeg    + + +        X - +13 chain mail "Edee" {rPois rN+}
rPois   +            B - +2 hat
rElec   .            K - +2 cloak {Will+}
rCorr   .            D - +1 pair of gloves "Foren" {rF+ Str+3}
SInv    +            m - +2 pair of boots {rampage}
Will    +++++        n - brooch of Shielding {Spirit SH+8} Stlth
                     g - ring of Equilibrium {Will+ MP+9 Str+3 SInv}
HPRegen 0.65/turn    P - ring "Azxid" {+Blink rF+ rN+++ Will+ Int-2}
MPRegen 0.24/turn

%: clarity, guardian spirit, rampage
@: bribing [the Dungeon, the Realm of Zot]
A: horns 2, retaliatory headbutt, thin skeletal structure 1, clarity,
deterioration 1, subdued magic 1, noise suppression, persistent drain
0: Orb of Zot
}: 3/15 runes: barnacled, silver, gossamer
a: Renounce Religion, Evoke Blink, Potion Petition, Call Merchant, Bribe Branch


You escaped.
You worshipped Gozag.
Gozag was most pleased with you.
You visited 10 branches of the dungeon, and saw 48 of its levels.
You visited 1 bazaar.
You visited 1 ziggurat, and saw 4 of its levels.
You also visited: Ossuary, Bailey and Gauntlet.

You collected 29352 gold pieces.
You spent 3505 gold pieces at shops.
You paid 22833 gold pieces to Gozag.

Inventory:

Hand Weapons
 Q - a +7 eveningstar of freezing (weapon)
 Y - a +9 demon whip of protection
Missiles
 f - 3 throwing nets
 o - 65 boomerangs
 u - 13 javelins (quivered)
 H - 16 silver javelins
 R - 15 curare-tipped darts
 S - 13 datura-tipped darts
Armour
 m - a +2 pair of boots of rampaging (worn)
 B - a +2 hat (worn)
 D - the +1 pair of gloves "Foren" (worn) {rF+ Str+3}
   (You bought it in a shop on level 3 of the Depths)

   Str+3:     It affects your strength (+3).
   rF+:       It protects you from fire.
 K - a +2 cloak of willpower (worn)
 U - the +6 kite shield of the Lich-sworn (worn) {Rampage Slay+3}
   (You took it off Asterion on level 2 of the Depths)

   Slay+3:    It affects your accuracy & damage with ranged weapons and melee
   (+3).
   Rampage:   It bestows one free step when moving towards enemies.
 X - the +13 chain mail "Edee" (worn) {rPois rN+}
   (You bought it in a shop on level 2 of the Lair of Beasts)

   rPois:     It protects you from poison rN+: It protects you from negative
   energy.
Jewellery
 c - the ring of the Brewing Seer {Ice Will++ Str+5 Stlth-}
   (You bought it in a shop on level 1 of the Elven Halls)

   [ring of ice]

   Ice:       It enhances your ice magic.
   Str+5:     It affects your strength (+5).
   rF-:       It makes you vulnerable to fire.
   rC+:       It protects you from cold.
   Will++:    It greatly increases your willpower.
   Stlth-:    It makes you less stealthy.
 g - the ring of Equilibrium (left hand) {Will+ MP+9 Str+3 SInv}
   (You took it off a vault guard on level 5 of the Vaults)

   [ring of willpower]

   Str+3:     It affects your strength (+3).
   Will+:     It increases your willpower.
   MP+9:      It affects your magic capacity (+9).
   SInv:      It lets you see invisible.
 i - a ring of see invisible
 n - the brooch of Shielding (around neck) {Spirit SH+8}
   (You took it off a deep elf zephyrmancer on level 1 of the Elven Halls)

   [amulet of guardian spirit]

   Spirit:    It causes incoming damage to be divided between your reserves of
   health and magic.
   SH+8:      It affects your SH (+8).
 x - the ring "Gocwet" {rF+ rC+ Will+ rCorr Dex-5}
   (You found it on level 2 of the Depths)

   [ring of protection from cold]

   Dex-5:     It affects your dexterity (-5).
   rF+:       It protects you from fire.
   rC+:       It protects you from cold.
   Will+:     It increases your willpower.
   rCorr:     It protects you from acid and corrosion.
 y - the ring of Xuamer {MP+9 Str+6 Int+2}
   (You found it in a Gauntlet)

   [ring of strength]

   Str+6:     It affects your strength (+6).
   Int+2:     It affects your intelligence (+2).
   MP+9:      It affects your magic capacity (+9).
 I - the ring of Life {rF+ Int+3 Slay+3}
   (You bought it in a shop on level 1 of the Elven Halls)

   [ring of protection from fire]

   Int+3:     It affects your intelligence (+3).
   Slay+3:    It affects your accuracy & damage with ranged weapons and melee
   (+3).
   rF+:       It protects you from fire.
 P - the ring "Azxid" (right hand) {+Blink rF+ rN+++ Will+ Int-2}
   (You took it off a deep elf sorcerer on level 3 of the Elven Halls)

   [ring of willpower]

   Int-2:     It affects your intelligence (-2).
   rF+:       It protects you from fire.
   rN+++:     It renders you almost immune to negative energy.
   Will+:     It increases your willpower.
   +Blink:    It lets you blink.
Wands
 r - a wand of polymorph (16)
 t - a wand of roots (36)
 w - a wand of digging (6)
 C - a wand of charming (45)
 O - a wand of mindburst (10)
 V - a wand of quicksilver (12)
Scrolls
 a - 2 scrolls of fear
 h - 12 scrolls of teleportation
 s - 4 scrolls of enchant armour
 z - 3 scrolls of torment
 A - 4 scrolls of revelation
 G - 15 scrolls of blinking
 L - 2 scrolls of brand weapon
 M - 7 scrolls of fog
 T - 6 scrolls of silence
 W - 5 scrolls of butterflies
Potions
 b - 11 potions of lignification
 d - 5 potions of ambrosia
 e - 19 potions of curing
 j - 7 potions of enlightenment
 p - 10 potions of mutation
 q - 19 potions of heal wounds
 v - 2 potions of resistance
 E - 4 potions of haste
 F - 5 potions of berserk rage
 J - 5 potions of might
 N - 9 potions of cancellation
 Z - 5 potions of invisibility
Miscellaneous
 k - a sack of spiders
 l - a condenser vane


   Skills:
 O Level 27 Fighting
 O Level 27 Maces & Flails
 - Level 12.0 Throwing
 - Level 20.0 Armour
 - Level 11.4 Dodging
 + Level 26.1 Shields
 - Level 3.2 Unarmed Combat
 - Level 3.0 Spellcasting
 - Level 5.0 Translocations
 - Level 15.0 Evocations
 - Level 2.4 Shapeshifting


You had 27 spell levels left.
You knew the following spells:

 Your Spells              Type           Power      Damage    Failure   Level
a - Blink                 Tloc           8%         N/A       13%         2
b - Swiftness             Air            0%         N/A       92%         3

Your spell library contained the following spells:

 Spells                   Type           Power      Damage    Failure   Level
 Apportation              Tloc           8%         N/A       9%          1
 Lesser Beckoning         Tloc           8%         N/A       13%         2
 Gell's Gravitas          Tloc           4%         N/A       28%         3
 Teleport Other           Tloc           4%         N/A       28%         3
 Momentum Strike          Conj/Tloc      4%         3d8       36%         2
 Freeze                   Ice            0%         1d3       58%         1
 Magic Dart               Conj           0%         1d3       58%         1
 Necrotise                Necr           0%         1d4       58%         1
 Sandblast                Erth           0%         2d4       58%         1
 Shock                    Conj/Air       0%         1d3       58%         1
 Sting                    Conj/Alch      0%         1d3       58%         1
 Summon Small Mammal      Summ           0%         N/A       58%         1
 Volatile Blastmotes      Fire/Tloc      4%         2d10      61%         3
 Passage of Golubria      Tloc           4%         N/A       67%         4
 Call Imp                 Summ           0%         N/A       73%         2
 Cigotuvi's Dreadful Rot  Necr/Alch/Air  0%         N/A       73%         2
 Ensorcelled Hibernation  Hex/Ice        0%         N/A       73%         2
 Jinxbite                 Hex            0%         N/A       73%         2
 Mercury Vapours          Alch/Air       0%         N/A       73%         2
 Scorch                   Fire           0%         2d5       73%         2
 Searing Ray              Conj           0%         2d4       73%         2
 Sublimation of Blood     Necr           0%         N/A       73%         2
 Call Canine Familiar     Summ           0%         N/A       92%         3
 Dazzling Flash           Conj/Hex       0%         N/A       92%         3
 Frozen Ramparts          Ice            0%         1d1       92%         3
 Hailstorm                Conj/Ice       0%         3d5       92%         3
 Inner Flame              Hex/Fire       0%         N/A       92%         3
 Mephitic Cloud           Conj/Alch/Air  0%         N/A       92%         3
 Passwall                 Erth           0%         N/A       92%         3
 Stone Arrow              Conj/Erth      0%         3d7       92%         3
 Summon Ice Beast         Ice/Summ       0%         N/A       92%         3
 Tukima's Dance           Hex            0%         N/A       92%         3
 Vampiric Draining        Necr           0%         2d6       92%         3
 Dimensional Bullseye     Hex/Tloc       1%         N/A       95%         4
 Iskenderun's Mystic Bla  Conj/Tloc      2%         2d3       95%         4
 Airstrike                Air            0%         2d(0-16)  100%        4
 Animate Armour           Summ/Erth      0%         N/A       100%        4
 Brom's Barrelling Bould  Conj/Erth      0%         2d3       100%        4
 Dispel Undead            Necr           0%         3d6       100%        4
 Flame Wave               Conj/Fire      0%         2d4       100%        4
 Fulminant Prism          Conj/Alch      0%         3d5       100%        4
 Leda's Liquefaction      Alch/Erth      0%         N/A       100%        4
 Martyr's Knell           Necr/Summ      0%         N/A       100%        4
 Olgreb's Toxic Radiance  Alch           0%         N/A       100%        4
 Sticky Flame             Fire/Alch      0%         2d4       100%        4
 Summon Lightning Spire   Summ/Air       0%         N/A       100%        4
 Alistair's Intoxication  Alch           0%         N/A       100%        5
 Curse of Agony           Necr           0%         N/A       100%        5
 Freezing Cloud           Conj/Ice/Air   0%         6-21      100%        5
 Irradiate                Conj/Alch      0%         3d11      100%        5
 Lee's Rapid Deconstruct  Erth           0%         3d4*      100%        5
 Silence                  Hex/Air        0%         N/A       100%        5
 Summon Forest            Summ/Tloc      1%         N/A       100%        5
 Summon Mana Viper        Hex/Summ       0%         N/A       100%        5
 Yara's Violent Unravell  Hex/Alch       0%         3d3       100%        5
 Bombard                  Conj/Erth      0%         9d1       100%        6
 Conjure Ball Lightning   Conj/Air       0%         3x3d6     100%        6
 Death Channel            Necr           0%         N/A       100%        6
 Eringya's Noxious Bog    Alch           0%         4d6       100%        6
 Sculpt Simulacrum        Ice/Alch       0%         N/A       100%        6
 Starburst                Conj/Fire      0%         6d3       100%        6
 Summon Cactus Giant      Summ           0%         N/A       100%        6
 Enfeeble                 Hex            0%         N/A       100%        7
 Malign Gateway           Summ/Tloc      1%         N/A       100%        7
 Summon Hydra             Summ           0%         N/A       100%        7
 Discord                  Hex            0%         N/A       100%        8
 Disjunction              Tloc           2%         N/A       100%        8
 Ignition                 Fire           0%         3d3       100%        8
 Maxwell's Capacitive Co  Air            0%         ∞         100%        8
 Summon Horrible Things   Summ           0%         N/A       100%        8
 Chain Lightning          Conj/Air       0%         N/A       100%        9
 Fire Storm               Conj/Fire      0%         5d1       100%        9
 Shatter                  Erth           0%         3d5*      100%        9


Dungeon Overview and Level Annotations

Branches:
Dungeon (15/15)            Temple (1/1) D:7            Lair (5/5) D:10
 Shoals (4/4) Lair:3       Spider (4/4) Lair:2        Slime (0/5) Lair:5
    Orc (2/2) D:9             Elf (3/3) Orc:2        Vaults (5/5) D:14
  Crypt (0/3) Vaults:3     Depths (4/4) D:15            Zot (5/5) Depths:4
Ossuary (visited)          Bailey (visited)         Gauntlet (visited)

Altars:
Ashenzari
Cheibriados
Dithmenos
Elyvilon
Fedhas
Gozag
Hepliaklqana
Kikubaaqudgha
Makhleb
Nemelex Xobeh
Okawaru
Qazlal
Ru
Sif Muna
Trog
Uskayaw
Vehumet
Wu Jian
Xom
Yredelemnul
Zin
The Shining One

Shops:
D:9 (   D:13 *   D:14 [   D:15 *   Orc:2 **=[   Elf:1 ==:==   Elf:2 *
Lair:2 [[   Vaults:5 ?   Depths:1 *   Depths:3 [*   Depths:4 :

Portals:
Hell: Depths:1 Depths:2 Depths:3 Depths:4
Abyss: Depths:1 Depths:3 Depths:4
Pandemonium: Depths:2 Depths:3
Trove: D:13 (give 3 potions of resistance)

Annotations:
D:4 3 runed translucent doors, boberto's ghost, novice DsCK
D:5 1 runed translucent door, epsilonplus's ghost, novice TeBr
D:12 2 transporters, Enofyubu's ghost, journeyman MiHu
Lair:3 exclusion: oklob plant
Lair:5 exclusion: oklob plant
Zot:4 Josephina; Tiamat


Innate Abilities, Weirdness & Mutations

You have a pair of horns on your head.
You reflexively headbutt those who attack you in melee.
You have a somewhat thin skeletal structure. (Dex +2, Stealth+)
You possess an exceptional clarity of mind.
Your body sometimes deteriorates upon taking damage.
Your spells are a little easier to cast, but a little less powerful.
You passively dampen the noise of your surroundings.
Your health recovers twice as slowly from being drained.


Message History

You climb upwards.
Level annotation: 3 runed translucent doors, boberto's ghost, novice DsCK
There is a stone staircase leading down here. 2 hell hounds come into view.
There is a stone staircase leading up here.
Magic restored.
The hell hound barks! x2
You climb upwards.
There is a stone staircase leading down here.
What level of the Dungeon? (default 1, ? - help)
A rust devil comes into view.
You impale the rust devil!! You freeze the rust devil.
You headbutt the rust devil.
The rust devil is severely wounded.
You skewer the rust devil like a kebab!!!
You freeze the rust devil.
You kill the rust devil!
No target in view!
What level of the Dungeon? (default 1, ? - help)
Your Orb Guardian grins greedily, jangling a coin purse.
An Orb Guardian comes into view.
There is a stone staircase leading up here.
You climb upwards.
There is a stone staircase leading down here.
There is a stone staircase leading up here.
You climb upwards.
There is a stone staircase leading down here.
There is an open door here.
There is an open door here.
The hobgoblin shouts!
You feel a bit more experienced. You block the hobgoblin's attack.
You stick the hobgoblin like a pincushion!!!
You freeze the hobgoblin.
You kill the hobgoblin!
You now have 3014 gold pieces (gained 3).
You see here 6 stones.
There is a staircase leading out of the dungeon here.
Unknown command.
Unknown command.
You have escaped!

....# #....###.###.### ###.#
###....#.#...# ###.# #.##.###.###
###### .##.# #.##.....# #.....
....######.####...# #.####
.................## #.# ##
..######.....#.#################.
### ##...####.................
..# ##.## #@...##...##...... #.#
#.# #..............(.. #.# #.#
################.. #.# ##+##
#........# ##. #.# ##...##
#.#.####.#### #. #.# ##.....##
#.#.........# ## ..#
##.......###.#...##.##.# #
..####.........##.#...##.##.#####
.....'.........'.........).......


There were no monsters in sight!

Vanquished Creatures
  2 dread liches (Vaults:5)
  3 ancient liches
  A juggernaut (Depths:2)
  2 orbs of fire (Zot:5)
  Margery (Vaults:4)
  Bai Suzhen (Vaults:2)
  3 curse toes
  The ghost of Lucarghiu the Struggler, a veteran GnWn of Okawaru (D:15)
  The ghost of Harhicoo the Slayer, an adept MiBe of Trog (Vaults:3)
  A caustic shrike (Depths:2)
  Nikola (Shoals:1)
  7 golden dragons
  The ghost of Jigeme the Master Archer, a veteran DEHs of Fedhas (Depths:3)
  A bone dragon (Depths:4)
  Norris (Depths:2)
  Arachne (Spider:4)
  An electric golem (Zot:5)
  8 tentacled monstrosities
  An Ice Fiend (D:11)
  11 Orb Guardians
  A searing wretch (Vaults:4)
  2 deep elf master archers (Elf:3)
  8 quicksilver dragons
  Asterion (Depths:2)
  The ghost of Cexaud the Fencer, an adept DjCK of Xom (Vaults:4)
  3 titans
  2 deep elf blademasters (Elf:3)
  4 sphinxes
  2 death cobs
  2 krakens
  Gastronok (Orc:1)
  5 shadow dragons
  5 tengu reavers
  Kirke (Lair:5)
  Aizul (Shoals:1)
  Donald (Vaults:4)
  15 storm dragons
  A protean progenitor (Zot:5)
  6 fire giants
  A draconian knight (Zot:1)
  4 deep elf sorcerers
  8 draconian monks
  3 deep elf elementalists (Elf:3)
  4 iron dragons
  8 frost giants
  5 draconian shifters
  6 ghost moths
  A draconian scorcher (Zot:4)
  6 draconian annihilators
  12 vault wardens
  5 emperor scorpions
  4 cacodemons
  A draconian stormcaller (Zot:3)
  A curse skull (Zot:4)
  31 very ugly things
  14 ironbound preservers
  8 stone giants
  2 broodmothers
  16 ironbound thunderhulks
  A demonspawn corrupter (Zot:5)
  3 formless jellyfish
  8 deep elf demonologists
  8 deep elf death magi (Elf:3)
  10 deep elf annihilators
  3 black draconians
  8 green draconians
  2 white draconians (Zot:4)
  4 war gargoyles
  13 dire elephants
  6 red draconians
  A yellow draconian (Zot:5)
  A minotaur (Gauntlet)
  Azrael (Elf:2)
  4 purple draconians
  8 spark wasps
  4 crystal guardians
  3 merfolk javelineers
  6 fire dragons
  6 ettins
  6 merfolk impalers
  6 deep elf high priests
  7 entropy weavers
  14 yaktaur captains
  6 great orbs of eyes
  7 ice dragons
  A rakshasa (Vaults:3)
  19 vault guards
  5 peacekeepers
  4 radroaches
  A hell beast (Depths:2)
  2 merfolk avatars (Shoals:4)
  4 spriggan air magi
  2 catoblepae
  3 ogre magi (D:15)
  2 sphinx zombies (D:15)
  An alligator snapping turtle (Shoals:2)
  2 hydras
  12 centaur warriors
  10 ironbound frosthearts
  A jorogumo (Zot:4)
  6 merfolk aquamancers
  33 dancing weapons
  6 death scarabs (Spider:4)
  A naga warrior (Vaults:4)
  3 satyrs (Shoals:4)
  A death knight (Vaults:3)
  17 two-headed ogres
  2 hell hogs (Lair:5)
  9 boulder beetles
  5 deep troll shamans
  5 deep troll earth magi
  4 tengu warriors
  A vampire mage (D:15)
  6 death yaks
  4 orc high priests
  5 demonic crawlers
  A soul eater (Depths:2)
  5 spriggan berserkers
  A spectral emperor scorpion (Spider:4)
  A shock serpent (shapeshifter) (Vaults:5)
  14 hell knights
  Amaemon (Lair:1)
  7 skysharks
  6 iron trolls
  A skyshark (shapeshifter) (Depths:1)
  18 deep elf knights
  13 sea snakes
  Lodul (D:13)
  10 skeletal warriors
  A sun moth (Spider:3)
  A spark wasp zombie (D:15)
  A shadow demon (Zot:1)
  6 pharaoh ants
  7 orb spiders
  A spriggan druid (Zig:3)
  4 glowing orange brains
  A spectral jorogumo (Spider:4)
  60 deep trolls
  2 orange crystal statues (Zig:3)
  3 obsidian statues
  8 arcanists
  18 ironbound convokers
  19 lindwurms
  8 necromancers
  5 steelbarb worms
  8 deep elf archers
  3 orc knights
  6 lightning spires (Zot:4)
  2 spectral wolf spiders (Spider:4)
  15 wolf spiders
  34 ugly things
  29 harpies
  2 oklob plants (Zot:4)
  A wolf spider zombie (Spider:4)
  2 phantasmal warriors
  24 deep elf pyromancers
  4 orc sorcerers
  23 deep elf zephyrmancers
  12 cyclopes
  A faun (shapeshifter) (D:12)
  A manticore (shapeshifter) (D:15)
  18 manticores
  7 fauns
  4 kobold blastminers (Orc:1)
  6 merfolk sirens
  17 moths of wrath
  11 elephants
  2 meliai (shapeshifter)
  3 meliai (D:13)
  8 black mambas
  A rust devil (D:3)
  Joseph (D:9)
  A water nymph (shapeshifter) (Depths:1)
  3 molten gargoyles (Lair:5)
  25 vault sentinels
  A gargoyle (D:12)
  9 torpor snails
  8 water nymphs
  12 cane toads
  A cane toad (shapeshifter) (Depths:1)
  2 unseen horrors
  A rime drake (shapeshifter) (D:14)
  An orange demon (Lair:1)
  5 freezing wraiths
  2 spectral redbacks (Spider:4)
  A rime drake (Lair:4)
  24 yaktaurs
  17 komodo dragons
  7 kobold demonologists
  2 efreet
  4 tengu conjurers
  35 merfolk
  2 trolls (shapeshifter)
  4 trolls
  4 hornets
  2 queen bees (shapeshifter) (Depths:1)
  12 wind drakes
  3 polar bears
  A spectral culicivora (Spider:4)
  2 spectral jumping spiders (Spider:4)
  4 spectral tarantellas (Spider:4)
  17 tarantellas
  A dream sheep (shapeshifter) (D:15)
  10 snapping turtles
  3 jumping spider zombies (Spider:4)
  A blink frog (shapeshifter) (Depths:1)
  21 dream sheep
  29 blink frogs
  2 tarantella zombies (Spider:4)
  A culicivora zombie (Spider:4)
  28 jumping spiders
  3 glass eyes
  4 spriggans
  37 slime creatures
  4 air elementals
  9 culicivoras
  7 shadows
  2 spriggans (shapeshifter)
  10 water elementals
  3 wyverns
  2 hogs (Lair:5)
  4 wraiths
  4 fire elementals
  66 yaks
  8 basilisks
  3 humans (D:14)
  47 redbacks
  A redback (shapeshifter) (Depths:1)
  2 steam dragons
  7 vampire mosquitoes
  A neqoxec (Gauntlet)
  3 wargs
  A yellow draconian simulacrum (Zot:4)
  A chaos spawn (Gauntlet)
  An acid dragon (D:8)
  9 hell hounds
  15 water moccasins
  An ice beast (D:6)
  21 orc warriors
  A black bear (shapeshifter) (Depths:4)
  2 black bears
  6 small abominations (Gauntlet)
  18 ogres
  3 boggarts (Vaults:3)
  A laughing skull (D:12)
  3 wolves (Lair:1)
  A tengu (shapeshifter) (Elf:1)
  5 centaurs
  3 phantoms (D:9)
  An elf zombie (D:6)
  8 kobold brigands
  16 bullfrogs
  A gnoll sergeant (D:8)
  An earth elemental (Elf:2)
  An elf skeleton (D:6)
  4 scorpions
  A burial acolyte (Ossuary)
  9 wights
  16 killer bees
  A troll zombie (D:9)
  2 vampire bats (D:4)
  7 howler monkeys
  5 lava snakes (Lair:5)
  5 hounds
  Crazy Yiuf (D:7)
  31 orc priests
  2 jellies (D:5)
  A gnoll bouda (D:5)
  2 human skeletons (D:6)
  5 iguanas
  19 orc wizards
  6 hell rats (Lair:1)
  4 ogre zombies (D:9)
  A boggart simulacrum (D:12)
  A mummy (Ossuary)
  7 gnolls
  4 adders
  2 shadow imps (D:6)
  6 ufetubi
  3 dart slugs
  65 orcs
  10 ball pythons
  3 bats
  3 bat skeletons (D:4)
  2 bat zombies (D:4)
  6 endoplasms
  2 giant cockroaches
  10 goblins
  6 hobgoblins
  2 jackals (D:3)
  31 kobolds
  4 quokkas
  5 frilled lizards
  10 gnoll skeletons
  2 gnoll zombies (D:9)
  7 kobold skeletons (Ossuary)
  6 orc skeletons
  10 orc zombies
  A rat (D:3)
  2 aspiring fleshes (Zot:5)
  7 tentacles
2037 creatures vanquished.

Vanquished Creatures (collateral kills)
  An ancient lich (Vaults:5)
  3 Killer Klowns (Zot:5)
  5 tentacled monstrosities
  3 quicksilver dragons
  2 Orb Guardians (Zot:5)
  A sphinx (Vaults:5)
  3 storm dragons
  4 death cobs
  2 protean progenitors (Zot:4)
  2 tengu reavers (Vaults:5)
  A draconian knight (Zot:4)
  A vault warden (Vaults:5)
  A draconian monk (Zot:3)
  A fire giant (Vaults:4)
  2 draconian shifters
  An iron dragon (Vaults:5)
  2 draconian scorchers (Zot:3)
  A draconian annihilator (Zot:3)
  A green draconian (Zot:3)
  A white draconian (Zot:3)
  2 black draconians
  A deep elf death mage (Vaults:5)
  3 purple draconians
  2 yellow draconians
  A war gargoyle (Vaults:5)
  3 red draconians
  A minotaur (Vaults:4)
  3 ettins (Vaults:5)
  2 yaktaur captains (Vaults:5)
  An ogre mage (Vaults:5)
  8 vault guards (Vaults:5)
  A sun demon (D:1)
  A shadow wraith (Vaults:5)
  3 deep trolls (Vaults:5)
  An ironbound convoker (Vaults:5)
  2 phantasmal warriors (Vaults:5)
  A necromancer (Vaults:5)
  An orc knight (Vaults:4)
  A vault sentinel (Vaults:5)
  2 moths of wrath (Zot:4)
  A storm dragon simulacrum (Zot:4)
  A glass eye (Zot:4)
  A moth of wrath simulacrum (Zot:4)
  2 aspiring fleshes (Zot:4)
83 creatures vanquished.

Vanquished Creatures (others)
  A dread lich (Vaults:5)
  A Killer Klown (Zot:5)
  A curse toe (Zot:4)
  2 tentacled monstrosities
  An Ice Fiend (Zot:5)
  10 Orb Guardians
  A titan (Vaults:5)
  A quicksilver dragon (Zot:4)
  A sphinx (Vaults:5)
  3 death cobs
  4 storm dragons
  A demonspawn warmonger (Zot:5)
  2 shadow dragons
  A draconian shifter (Zot:4)
  A fire giant (Vaults:5)
  A deep elf sorcerer (Vaults:5)
  A frost giant (Vaults:5)
  A vault warden (Vaults:5)
  A reaper (Zot:5)
  A ghost moth (Zot:5)
  An ironbound preserver (Vaults:5)
  3 stone giants (Vaults:5)
  A deep elf demonologist (Vaults:5)
  A black draconian (Zot:4)
  3 red draconians
  A yellow draconian (Zot:3)
  3 purple draconians
  4 white draconians
  An entropy weaver (Vaults:5)
  3 yaktaur captains (Vaults:5)
  6 vault guards (Vaults:5)
  A phantasmal warrior (Vaults:5)
  An orc knight (Vaults:5)
  An ironbound convoker (Vaults:5)
  A manticore (Shoals:4)
  3 moths of wrath
  A faun (Shoals:4)
  2 vault sentinels (Vaults:5)
  A storm dragon simulacrum (Zot:4)
  An orange demon (Zot:5)
  7 yaktaurs
  A tormentor (Zot:5)
  A human (Lair:5)
  2 golden eyes (Zot:5)
  A fire elemental (Elf:2)
  An orc warrior (Vaults:5)
  2 orc priests (Orc:2)
  An orc wizard (Orc:2)
  An ogre zombie (D:9)
  2 orcs (Vaults:5)
  A gnoll zombie (D:9)
  An orc skeleton (D:9)
  4 orc zombies (D:9)
  21 tentacles
121 creatures vanquished.

Grand Total: 2241 creatures vanquished

Notes
Turn   | Place    | Note
-------+----------+-------------------------------------------
     0 | D:1      | AutarchDCSS the Minotaur Shapeshifter began the quest for
                  | the Orb.
     0 | D:1      | Reached XP level 1. HP: 16/16 MP: 0/0
   131 | D:1      | Reached skill level 1 in Maces & Flails
   194 | D:1      | Reached XP level 2. HP: 23/24 MP: 1/1
   756 | D:1      | Reached XP level 3. HP: 26/29 MP: 2/2
  1543 | D:3      | Reached XP level 4. HP: 21/37 MP: 3/3
  1648 | D:3      | Identified the +0 orcbow of the Fray {drain, Int+4}
  2090 | D:4      | Identified the +1 robe of the Cicada {Will+ rCorr Str+3
                  | Stlth+}
  2101 | D:4      | Reached XP level 5. HP: 45/45 MP: 4/4
  2129 | D:4      | Reached skill level 5 in Maces & Flails
  2226 | D:4      | Found an ancient bone altar of Kikubaaqudgha.
  2233 | D:4      | Reached XP level 6. HP: 52/52 MP: 5/5
  2421 | D:4      | Found a shimmering altar of Xom.
  2423 | D:4      | Identified the +4 sling "Miteqaegoho" {freeze, rC++ Int+2}
  2491 | D:4      | Found a runed translucent gate.
  2492 | D:4      | Found a runed translucent gate.
  2492 | D:4      | Noticed boberto's ghost (novice DsCK)
  2493 | D:4      | Found a runed translucent gate.
  2639 | D:4      | Reached skill level 5 in Fighting
  3006 | D:5      | Entered Level 5 of the Dungeon
  3267 | D:5      | Reached XP level 7. HP: 43/61 MP: 6/6
  3635 | D:5      | Reached skill level 1 in Armour
  3643 | D:5      | Reached XP level 8. HP: 70/70 MP: 7/7
  3643 | D:5      | Found a runed translucent door.
  3649 | D:5      | Noticed epsilonplus's ghost (novice TeBr)
  4155 | D:6      | Found a sand-covered staircase.
  4166 | Ossuary  | Entered an ossuary
  4418 | D:6      | Reached skill level 5 in Dodging
  4485 | D:6      | Reached skill level 5 in Armour
  4709 | D:6      | Found an ornate altar of the Wu Jian Council.
  5041 | D:7      | Found a staircase to the Ecumenical Temple.
  5049 | Temple   | Entered the Ecumenical Temple
  5071 | Temple   | Reached XP level 9. HP: 55/75 MP: 8/8
  5152 | Temple   | Became a worshipper of Gozag Ym Sagoz the Greedy
  6141 | D:7      | Found a runed translucent door.
  6142 | D:7      | Noticed Crazy Yiuf
  6149 | D:7      | Killed Crazy Yiuf
  6317 | D:8      | Reached skill level 10 in Maces & Flails
  6443 | D:8      | Identified the +0 war axe of Valiance {antimagic, rF+ rCorr
                  | Str+4}
  6556 | D:8      | Found a flagged portal.
  6579 | Bailey   | Entered a bailey
  6849 | Bailey   | Noticed an orc knight
  6866 | Bailey   | Killed an orc knight
  7054 | Bailey   | Found a burning altar of Makhleb.
  7093 | D:8      | Noticed a two-headed ogre
  7100 | D:8      | Killed a two-headed ogre
  7101 | D:8      | Reached XP level 10. HP: 61/91 MP: 9/9
  7625 | D:8      | Noticed a two-headed ogre
  7632 | D:8      | Killed a two-headed ogre
  7633 | D:8      | Reached skill level 5 in Throwing
  7879 | D:9      | Found Fuvejuv's Weapon Emporium.
  7897 | D:9      | Found a hide-covered altar of Uskayaw.
  7953 | D:9      | Found a staircase to the Orcish Mines.
  8493 | D:9      | Noticed Joseph
  8514 | D:9      | Killed Joseph
  8515 | D:9      | Reached skill level 10 in Fighting
  9036 | D:10     | Entered Level 10 of the Dungeon
  9045 | D:10     | Found a staircase to the Lair.
  9338 | D:10     | Reached XP level 11. HP: 47/101 MP: 10/10
 11665 | D:11     | Noticed a two-headed ogre
 11679 | D:11     | Killed a two-headed ogre
 12056 | D:11     | Found the +18 Lear's hauberk
 12745 | Lair:1   | Entered Level 1 of the Lair of Beasts
 12854 | Lair:1   | Noticed a death yak
 12874 | D:10     | Killed a death yak
 13251 | Lair:1   | Noticed Amaemon
 13437 | Lair:1   | Reached XP level 12. HP: 92/115 MP: 11/11
 13537 | Lair:1   | Killed Amaemon
 14450 | Lair:1   | Reached skill level 15 in Fighting
 14817 | Lair:2   | Reached skill level 1 in Evocations
 14937 | Lair:2   | Noticed a death yak
 14938 | Lair:2   | Noticed a death yak
 14940 | Lair:2   | Noticed a death yak
 14942 | Lair:2   | Noticed a death yak
 14946 | Lair:2   | Noticed a death yak
 14963 | Lair:2   | Killed a death yak
 14964 | Lair:2   | Killed a death yak
 14972 | Lair:2   | Killed a death yak
 14981 | Lair:2   | Killed a death yak
 14990 | Lair:2   | Killed a death yak
 14991 | Lair:2   | Reached skill level 10 in Armour
 15157 | Lair:2   | Identified the +2 scale mail of Xuoch {rN+ Dex+3}
 15264 | Lair:2   | Found a hole to the Spider Nest.
 15701 | Lair:3   | Reached skill level 5 in Evocations
 15795 | Lair:3   | Reached XP level 13. HP: 119/126 MP: 12/12
 16187 | Lair:3   | You fall into a shaft and drop 1 floor!
 16365 | Lair:4   | Reached skill level 15 in Maces & Flails
 17072 | Lair:5   | Entered Level 5 of the Lair of Beasts
 17072 | Lair:5   | Found a hide-covered altar of Uskayaw.
 17082 | Lair:5   | Noticed Kirke
 17125 | Lair:5   | Killed Kirke
 17318 | Lair:5   | Found a staircase to the Slime Pits.
 17957 | Lair:5   | Reached XP level 14. HP: 136/138 MP: 13/13
 18983 | Lair:5   | Found a large runed translucent door.
 18984 | Lair:5   | Found a large runed translucent door.
 19025 | Lair:5   | Got Komo Cus's Monograph on the Reshaped Wayfarer
 20378 | Lair:4   | Upgraded the game from 0.32-a0-132-g2d33c3cfaf to
                  | 0.32-a0-136-gc02482bde3
 20522 | Orc:1    | Entered Level 1 of the Orcish Mines
 20522 | Orc:1    | Noticed Gastronok
 20534 | Orc:1    | Killed Gastronok
 21393 | Orc:2    | Entered Level 2 of the Orcish Mines
 21393 | Orc:2    | Found a staircase to the Elven Halls.
 23947 | Orc:2    | Paralysed by an orc sorcerer for 3 turns
 24162 | Orc:2    | Found Atheper's Gadget Gallery.
 24631 | Orc:2    | Found Erighino's Assorted Antiques.
 24631 | Orc:2    | Found Oschanuse's Antique Armour Shop.
 24632 | Orc:2    | Found Otisi's Jewellery Shop.
 24636 | Orc:2    | Found Deick's Assorted Antiques.
 25423 | D:12     | Found a transporter.
 25427 | D:12     | Found a transporter.
 25427 | D:12     | Noticed Enofyubu's ghost (journeyman MiHu)
 25427 | D:12     | Identified the +6 giant spiked club of Forgiveness {freeze,
                  | +Blink rElec Str+6 Dex+3}
 25437 | D:12     | Identified the +2 chain mail "Ximpaf" {rElec rC+ rN+}
 26145 | D:12     | Reached XP level 15. HP: 133/152 MP: 11/14
 26289 | D:12     | Identified the +9 long sword of Extinguishment {flame,
                  | *Rage rF+ rC++ Dex+3}
 27153 | D:13     | Found a blossoming altar of Fedhas.
 27498 | D:13     | Noticed Lodul
 27503 | D:13     | Killed Lodul
 27662 | D:13     | Found Caciweg's General Store.
 27981 | D:13     | Found a portal to a secret trove of treasure.
 28178 | Lair:3   | Found a staircase to the Shoals.
 28857 | D:14     | Found a gate leading to a gauntlet.
 28873 | Gauntlet | Entered a Gauntlet
 28873 | Gauntlet | Found a transporter.
 28880 | Gauntlet | Found a transporter.
 28882 | Gauntlet | Found a transporter.
 28898 | Gauntlet | Found a transporter.
 28900 | Gauntlet | Found a transporter.
 28904 | Gauntlet | Found a runed translucent door.
 28904 | Gauntlet | Found a runed translucent door.
 28911 | Gauntlet | Found a transporter.
 28924 | Gauntlet | Found a transporter.
 28936 | Gauntlet | Found a runed translucent gate.
 28937 | Gauntlet | Found a transporter.
 28937 | Gauntlet | Found a runed translucent gate.
 28938 | Gauntlet | Found a runed translucent gate.
 28943 | Gauntlet | Found a transporter.
 28943 | Gauntlet | Found a transporter.
 28964 | Gauntlet | Found a runed translucent door.
 28965 | Gauntlet | Found a transporter.
 28966 | Gauntlet | Found a runed translucent door.
 28970 | Gauntlet | Found a transporter.
 28972 | Gauntlet | Found a transporter.
 29004 | Gauntlet | Found a transporter.
 29032 | Gauntlet | Gained mutation: You are clumsy. (Dex -2) [a neqoxec]
 29496 | Gauntlet | Identified the +0 chain mail of Xaohea {rF+ Regen+ Str+2}
 29543 | Gauntlet | Identified the ring of Xuamer {MP+9 Str+6 Int+2}
 29784 | Gauntlet | Identified the staff "Owkeod" {rElec rN+ Int-3 Necro Tloc
                  | Earth}
 30267 | D:14     | Found Mimu's Armour Boutique.
 30275 | D:14     | Bought a +0 kite shield for 81 gold pieces
 30357 | D:14     | Reached skill level 1 in Shields
 30615 | D:14     | Found a gate to the Vaults.
 30792 | Spider:1 | Entered Level 1 of the Spider Nest
 31043 | Spider:1 | Identified the blade talisman of Activism {rElec rPois
                  | Str-4}
 31425 | Spider:1 | Reached skill level 5 in Shields
 32270 | Spider:1 | Noticed an emperor scorpion
 32282 | Spider:1 | Killed an emperor scorpion
 33127 | Spider:2 | Reached XP level 16. HP: 156/162 MP: 15/15
 33560 | Spider:2 | Reached skill level 10 in Shields
 34962 | Spider:3 | Identified the +7 rapier of Veap {flame, Dex+2}
 35604 | Spider:4 | Entered Level 4 of the Spider Nest
 37238 | Spider:4 | Noticed Arachne
 37256 | Spider:4 | Killed Arachne
 37775 | Spider:4 | Reached skill level 15 in Shields
 39419 | Spider:4 | Reached XP level 17. HP: 96/170 MP: 16/16
 39907 | Spider:4 | Identified the orb "Nutesmat" {mayhem, Will++ Air}
 39961 | Spider:4 | Got a gossamer rune of Zot
 40169 | Lair:2   | Bought a warped plate armour for 840 gold pieces
 40169 | Lair:2   | Identified the +1 plate armour "Ohamirio" {rPois rF+ rC+}
                  | (You bought it in a shop on level 2 of the Lair of Beasts)
 40205 | Lair:2   | Bought a transparent chain mail for 285 gold pieces
 40205 | Lair:2   | Identified the +13 chain mail "Edee" {rPois rN+} (You
                  | bought it in a shop on level 2 of the Lair of Beasts)
 40252 | Shoals:1 | Entered Level 1 of the Shoals
 40264 | Shoals:1 | Noticed Nikola
 40535 | Shoals:1 | Killed Nikola
 40819 | Shoals:1 | Identified the serpent talisman of the Harvest {Fly Will+
                  | Slay+3}
 40819 | Shoals:1 | Noticed Aizul
 40845 | Shoals:1 | Killed Aizul
 42129 | Shoals:2 | Reached skill level 10 in Throwing
 43084 | Shoals:3 | Got the Discourse on the Productive Wyrd
 43589 | Shoals:3 | Noticed a kraken
 43618 | Shoals:3 | Killed a kraken
 44628 | Shoals:4 | Entered Level 4 of the Shoals
 45226 | Shoals:4 | Noticed a kraken
 45252 | Shoals:4 | Reached XP level 18. HP: 184/184 MP: 17/17
 46396 | Shoals:4 | Got a barnacled rune of Zot
 47097 | Elf:1    | Entered Level 1 of the Elven Halls
 47097 | Elf:1    | Found Feliuli's Jewellery Emporium.
 47388 | Lair:2   | Bought a +1 cloak of willpower for 264 gold pieces
 47613 | Elf:1    | Found Mootemn's Book Boutique.
 47613 | Elf:1    | Found Huam's Jewellery Emporium.
 47614 | Elf:1    | Found Firgh's Jewellery Emporium.
 47843 | Elf:1    | Reached XP level 19. HP: 201/201 MP: 18/18
 47884 | Elf:1    | Paralysed by an air elemental for 1 turns
 48241 | Elf:2    | Paralysed by an air elemental for 1 turns
 48246 | Elf:2    | Paralysed by an air elemental for 1 turns
 48250 | Elf:1    | Paralysed by an air elemental for 1 turns
 48254 | Elf:1    | Paralysed by an air elemental for 1 turns
 48943 | Elf:2    | Noticed a Brimstone Fiend
 49416 | Elf:1    | Reached skill level 15 in Armour
 49715 | Elf:2    | Found Zices's General Store.
 49816 | Elf:2    | Found a runed translucent gate.
 49817 | Elf:2    | Found a runed translucent gate.
 49817 | Elf:2    | Found a runed translucent gate.
 49883 | Elf:2    | Noticed Azrael
 49947 | Elf:2    | Killed Azrael
 51451 | Vaults:1 | Entered Level 1 of the Vaults
 51612 | Elf:1    | Bought the ring of the Brewing Seer {Ice Will++ Str+5
                  | Stlth-} for 716 gold pieces
 51658 | Elf:1    | Bought the ring of Life {rF+ Int+3 Slay+3} for 559 gold
                  | pieces
 52211 | Vaults:1 | Reached XP level 20. HP: 210/210 MP: 19/19
 54315 | Vaults:2 | Reached skill level 10 in Dodging
 54617 | Vaults:2 | Paralysed by a formless jellyfish for 1 turns
 54779 | Vaults:2 | Learned a level 2 spell: Blink
 54783 | Vaults:2 | Learned a level 3 spell: Swiftness
 54844 | Vaults:2 | Noticed Bai Suzhen
 54855 | Vaults:2 | Killed Bai Suzhen
 54856 | Vaults:2 | Reached skill level 1 in Spellcasting
 55562 | Vaults:2 | Reached skill level 1 in Translocations
 55898 | Vaults:3 | Identified the +3 chain mail of Pan-Flutes {rF+}
 55904 | Vaults:3 | Found a runed translucent gate.
 55904 | Vaults:3 | Found a runed translucent gate.
 55904 | Vaults:3 | Found a runed translucent gate.
 56269 | Vaults:3 | Noticed Harhicoo's ghost (adept MiBe)
 56689 | Vaults:3 | Reached XP level 21. HP: 172/217 MP: 19/24
 56791 | Vaults:3 | Identified the death talisman "Yluesm" {MP+9 Str-3 Int+2}
 56901 | Vaults:3 | Reached skill level 5 in Translocations
 57111 | Vaults:3 | Found a staircase to the Crypt.
 58336 | Vaults:3 | Killed Harhicoo's ghost
 58421 | Vaults:3 | Identified the +2 pair of gloves of Jaritzups {+Blink
                  | Int+3}
 58568 | Vaults:4 | Found a flickering gateway to a bazaar.
 58577 | Bazaar   | Entered a bazaar
 58598 | Bazaar   | Found Lonla's Weapon Shoppe.
 58598 | Bazaar   | Found Piwk's Antique Armour Emporium.
 58620 | Bazaar   | Found Ishela Ovipn's Book Emporium.
 58636 | Bazaar   | Found Xamn's Jewellery Shoppe.
 59312 | Vaults:5 | Entered Level 5 of the Vaults
 59856 | Vaults:4 | Noticed Donald
 59869 | Vaults:4 | Killed Donald
 60338 | Vaults:4 | Found a runed translucent gate.
 60338 | Vaults:4 | Found a runed translucent gate.
 60338 | Vaults:4 | Found a runed translucent gate.
 60339 | Vaults:4 | Noticed Cexaud's ghost (adept DjCK)
 60342 | Vaults:4 | Found an iron altar of Okawaru.
 60817 | Vaults:4 | Identified the +4 shortbow of Ychuomed {freeze, rF+ Int+2
                  | Dex-2}
 60859 | Vaults:4 | Noticed Margery
 60892 | Vaults:4 | Killed Margery
 61493 | Vaults:5 | Noticed a dread lich
 61534 | Vaults:5 | Killed a dread lich
 61556 | Vaults:5 | Got a silver rune of Zot
 61768 | Vaults:5 | Reached XP level 22. HP: 214/224 MP: 23/25
 61898 | Vaults:5 | Noticed a dread lich
 61913 | Vaults:5 | Killed a dread lich
 61958 | Vaults:5 | Noticed a dread lich
 62008 | Vaults:5 | Identified the +4 scale mail "Wijo" {rPois SInv}
 62057 | Vaults:5 | Noticed an ancient lich
 62166 | Vaults:5 | Noticed an ancient lich
 62186 | Vaults:5 | Identified the ring of Equilibrium {Will+ MP+9 Str+3 SInv}
 62557 | Vaults:5 | Killed a dread lich
 63033 | Vaults:5 | Killed an ancient lich
 63126 | Vaults:5 | Identified the ring "Yskocs" {Wiz rN+ Int+3}
 63169 | Vaults:5 | Identified the +0 robe "Vosuax" {rC++}
 63253 | Vaults:5 | Found Iqoup's Magic Scroll Shop.
 63260 | Vaults:5 | Bought a scroll of enchant weapon for 105 gold pieces
 63586 | Vaults:4 | Killed Cexaud's ghost
 63746 | Vaults:4 | Identified the -2 cloak of Uhimofre {rF+ Str-3 Stlth+}
 63929 | D:15     | Entered Level 15 of the Dungeon
 64329 | D:15     | Found Mycvocac's General Store.
 64726 | D:15     | Found a staircase to the Depths.
 66001 | Elf:3    | Entered Level 3 of the Elven Halls
 67886 | Elf:3    | Reached XP level 23. HP: 198/234 MP: 26/26
 67962 | Elf:3    | Identified the +4 morningstar of Internal Strife {spect,
                  | Dex+2}
 68089 | Elf:3    | Identified the ring "Azxid" {+Blink rF+ rN+++ Will+ Int-2}
 68189 | Elf:3    | Reached skill level 10 in Evocations
 68203 | Elf:3    | Identified the +6 great mace "Ruecax" {holy, rElec Will+}
 68203 | Elf:3    | Identified the +1 leather armour "Zeiciopu" {Int+4}
 68364 | Elf:3    | Identified the +8 lajatang of Fortitude {spect, Int+3}
 68752 | Elf:3    | Identified the +3 dagger "Xuxul" {drain, ^Contam rC++ rCorr
                  | Dex+3}
 68879 | Elf:3    | Identified the +0 pair of gloves "Ceawnil" {rC+ Int+5}
 68995 | Elf:3    | Found the +7 hand cannon "Mule" {flame, backblast, rF+}
 68998 | Elf:3    | Identified the +5 sling "Linlam" {freeze, rElec Will+}
 69438 | Depths:1 | Entered Level 1 of the Depths
 69466 | Depths:1 | Found a runed translucent gate.
 69467 | Depths:1 | Found a runed translucent gate.
 69467 | Depths:1 | Found a runed translucent gate.
 69782 | Depths:1 | Found a gateway to Hell.
 69791 | Depths:1 | Found Liefuim's Assorted Antiques.
 69806 | Depths:1 | Bought a potion of mutation for 208 gold pieces
 69832 | Depths:1 | Found a one-way gate to the infinite horrors of the Abyss.
 69906 | Depths:1 | Found a glowing golden altar of the Shining One.
 70933 | Depths:1 | Found a runed translucent gate.
 70933 | Depths:1 | Found a runed translucent gate.
 70944 | Depths:1 | Found a runed translucent gate.
 70944 | Depths:1 | Noticed Lucarghiu's ghost (veteran GnWn)
 71518 | Depths:1 | Gained mutation: You are dopey. (Int -2) [a cacodemon]
 71564 | D:15     | Killed Lucarghiu's ghost
 72375 | Depths:1 | Reached XP level 24. HP: 242/242 MP: 26/26
 73126 | Depths:2 | Identified the +6 kite shield of the Lich-sworn {Rampage
                  | Slay+3}
 73126 | Depths:2 | Noticed Asterion
 73227 | Depths:2 | Noticed a juggernaut
 73238 | Depths:2 | Killed Asterion
 73267 | Depths:2 | Killed a juggernaut
 73355 | Depths:2 | Reached skill level 15 in Evocations
 73920 | Depths:2 | Identified the ring "Gocwet" {rF+ rC+ Will+ rCorr Dex-5}
 73922 | Depths:2 | Identified the +1 scale mail of Infinity {rC+}
 74036 | Depths:2 | Noticed Norris
 74051 | Depths:2 | Killed Norris
 74667 | Depths:2 | Found a one-way gate leading to the halls of Pandemonium.
 74810 | Depths:2 | Found a stormy altar of Qazlal.
 76083 | Depths:3 | Found Qorah's Armour Emporium.
 76087 | Depths:3 | Bought the +1 pair of gloves "Foren" {rF+ Str+3} for 447
                  | gold pieces
 76098 | Depths:3 | Found Ygomedy's General Store.
 76177 | Depths:3 | Reached XP level 25. HP: 227/250 MP: 26/26
 76247 | Depths:3 | Identified the ring "Tuokh" {Fire rElec Will- Dex+3 Stlth+}
 76444 | Depths:3 | Noticed a juggernaut
 76444 | Depths:3 | Noticed a juggernaut
 76533 | Depths:3 | Noticed a dread lich
 76583 | Depths:3 | Found a shadowy altar of Dithmenos.
 76586 | Depths:3 | Lost mutation: You are clumsy. (Dex -2) [potion of
                  | mutation]
 76586 | Depths:3 | Lost mutation: You are dopey. (Int -2) [potion of mutation]
 76586 | Depths:3 | Gained mutation: Armour fits poorly on your strangely
                  | shaped body. [potion of mutation]
 76586 | Depths:3 | Gained mutation: You passively dampen the noise of your
                  | surroundings. [potion of mutation]
 76587 | Depths:3 | Lost mutation: Armour fits poorly on your strangely shaped
                  | body. [potion of mutation]
 76587 | Depths:3 | Lost mutation: You passively dampen the noise of your
                  | surroundings. [potion of mutation]
 76587 | Depths:3 | Gained mutation: You are partially covered in iridescent
                  | scales. (AC +2) [potion of mutation]
 76739 | Depths:3 | Found a large runed translucent door.
 76740 | Depths:3 | Found a large runed translucent door.
 76872 | Depths:3 | Noticed Jigeme's ghost (veteran DEHs)
 76953 | Depths:3 | Found a one-way gateway to a ziggurat.
 76953 | Depths:3 | Noticed an ancient lich
 77186 | Depths:3 | Killed an ancient lich
 77199 | Zig:1    | Entered Level 1 of a ziggurat
 77325 | Zig:2    | Entered Level 2 of a ziggurat
 77360 | Zig:3    | Entered Level 3 of a ziggurat
 77703 | Zig:3    | Identified the ring "Juhedgh" {Wiz Stlth+}
 77709 | Zig:3    | Reached XP level 26. HP: 261/261 MP: 26/26
 77710 | Zig:3    | Identified the +1 robe of Biyc {Int+3 SInv}
 77713 | Zig:4    | Entered Level 4 of a ziggurat
 77716 | Zig:4    | Noticed an ancient lich
 77731 | Zig:4    | Killed an ancient lich
 78034 | Zig:4    | Identified the +12 long sword "Powau" {freeze, ^Fragile rC+
                  | Str+4}
 78340 | Depths:3 | Killed Jigeme's ghost
 78818 | Depths:3 | Identified the ring of Zarripn {rPois Will+ Dex+6}
 78820 | Depths:3 | Got the Vellum of the Baleful Throng
 78837 | Depths:4 | Entered Level 4 of the Depths
 79322 | Depths:4 | Found a shimmering blue altar of Sif Muna.
 80112 | Depths:4 | Found a sacrificial altar of Ru.
 80199 | Depths:4 | Found Kuotwab's One-of-a-Kind Books.
 81398 | Depths:4 | Found a gate to the Realm of Zot.
 81598 | Zot:1    | Entered Level 1 of the Realm of Zot
 81620 | Zot:1    | Reached skill level 27 in Fighting
 84606 | Zot:2    | Reached skill level 27 in Maces & Flails
 85644 | Zot:3    | Noticed an orb of fire
 86793 | Zot:3    | You fall into a shaft and drop 1 floor!
 88032 | Zot:4    | Reached XP level 27. HP: 273/273 MP: 26/26
 88103 | Zot:4    | Identified the ring "Ukur Pint" {Ice MP+9 Dex+2}
 88103 | Zot:4    | Noticed Josephina
 88538 | Zot:4    | Found the +4 dragonskin cloak
 88538 | Zot:4    | Noticed Tiamat
 88565 | Zot:4    | Identified the +0 ring mail of Calculation {Int+4}
 88850 | Zot:4    | Noticed an orb of fire
 89864 | Zot:4    | Identified the orb of Kunakah {*Rage, Str-3 Int+5}
 89956 | Zot:5    | Entered Level 5 of the Realm of Zot
 90099 | Zot:5    | Identified the +9 spear "Eviscerator" {drain, *Corrode
                  | +Blink rPois rC+}
 90802 | Zot:5    | Noticed an orb of fire
 90823 | Zot:5    | Noticed an orb of fire
 90824 | Zot:5    | Noticed an orb of fire
 90844 | Zot:5    | Killed an orb of fire
 91231 | Zot:5    | Noticed an orb of fire
 91294 | Zot:5    | Got the Orb of Zot
 91308 | Zot:5    | Noticed Pexy the pandemonium lord
 91350 | Zot:5    | Noticed an orb of fire
 91350 | Zot:5    | Gained mutation: You are occasionally teleported next to
                  | monsters. [an orb of fire]
 91358 | Zot:5    | Gained mutation: You are clumsy. (Dex -2) [an orb of fire]
 91364 | Zot:5    | Gained mutation: Your magical capacity is low. (-10% MP)
                  | [an orb of fire]
 91368 | Zot:5    | Gained mutation: Armour fits poorly on your strangely
                  | shaped body. [an orb of fire]
 91369 | Zot:5    | Killed an orb of fire
 91901 | D:5      | Lost mutation: Your magical capacity is low. (-10% MP)
                  | [potion of mutation]
 91901 | D:5      | Lost mutation: You are partially covered in iridescent
                  | scales. (AC +2) [potion of mutation]
 91901 | D:5      | Gained mutation: Your spells are a little easier to cast,
                  | but a little less powerful. [potion of mutation]
 91901 | D:5      | Gained mutation: You possess an exceptional clarity of
                  | mind. [potion of mutation]
 91901 | D:5      | Gained mutation: You have a somewhat thin skeletal
                  | structure. (Dex +2, Stealth+) [potion of mutation]
 91902 | D:5      | Lost mutation: Armour fits poorly on your strangely shaped
                  | body. [potion of mutation]
 91902 | D:5      | Lost mutation: You are clumsy. (Dex -2) [potion of
                  | mutation]
 91902 | D:5      | Gained mutation: You passively dampen the noise of your
                  | surroundings. [potion of mutation]
 91902 | D:5      | Gained mutation: Your natural rate of healing is unusually
                  | fast. [potion of mutation]
 91903 | D:5      | Lost mutation: Your natural rate of healing is unusually
                  | fast. [potion of mutation]
 91903 | D:5      | Lost mutation: You are occasionally teleported next to
                  | monsters. [potion of mutation]
 91903 | D:5      | Gained mutation: Your body sometimes deteriorates upon
                  | taking damage. [potion of mutation]
 91903 | D:5      | Gained mutation: Your health recovers twice as slowly from
                  | being drained. [potion of mutation]
 91903 | D:5      | Gained mutation: Your spells are easier to cast, but less
                  | powerful. [potion of mutation]
 91903 | D:5      | Lost mutation: Your spells are easier to cast, but less
                  | powerful. [potion of mutation]
 92011 | D:$      | Escaped with the Orb!

Illustrated notes

Levels and vault maps discovered:
D:1:      wheals_arrival_shading, layout_loops_corners, minmay_quantized
D:2:      layout_rooms
D:3:      layout_rooms
D:4:      kennysheep_big_flooded_room, layout_loops_ring,
          kennysheep_vampire_church, mainiacjoe_overflow_surrounded_room,
          gammafunk_ghost_nasty_kobolds, serial_library_hellmonk_statue_hall
D:5:      layout_cave_pools, ebering_ghost_sewer_d
D:6:      layout_loops_ring, nicolae_wu_jian_glorious_leap,
          nicolae_ossuary_entry_catacombs
D:7:      layout_basic, minmay_temple_entry_arrows, corexii_corridor_pit,
          uniq_crazy_yiuf_cottage
D:8:      layout_basic, enter_bailey_2
D:9:      layout_irregular_city, nicolae_uskayaw_dance_hall, zombieorc1_lemuel,
          serial_shops, nicolae_shop_bloodbath_and_beyond, roderic_lattice_a,
          uniq_joseph
D:10:     layout_basic, david_lair_shrubbed
D:11:     layout_small_grid, st_stairs_12, fungi_pond_lemuel
D:12:     minmay_stepped, layout_loops_ring, gammafunk_ghost_smash
D:13:     layout_basic, serial_shops, shop, nicolae_trove_entry_crystal,
          grunt_ministairs_14, fedhas_bush_and_centaur_altar, uniq_lodul
D:14:     layout_stronghold, hellmonk_vaults_keyhole,
          minmay_misc_feat_nine_boxes, serial_shops, shop,
          gauntlet_entry_generic
D:15:     gammafunk_depths_entry_grave, layout_loops_corners, serial_shops,
          nicolae_inconvenience_store, roderic_roman_lattice,
          chequers_serial_rivers_micro_e
Temple:   regret_index_temple_chain_breaker
Lair:1:   layout_chaotic_city, chequers_serial_rivers_micro_a,
          grunt_megastairs_1, uniq_amaemon
Lair:2:   layout_regular_city, dummy_spider_entry, lemuel_fruit_fields
Lair:3:   layout_regular_city, elwin_shoals_entry_rocks, grunt_megastairs_5
Lair:4:   layout_roguey
Lair:5:   cheibrodos_lair_end_hotspot, layout_regular_city, slime_entry_1,
          lemuel_oklob_altar, uniq_kirke
Shoals:1: layout_shoals, uniq_nikola, uniq_aizul
Shoals:2: layout_shoals
Shoals:3: layout_shoals
Shoals:4: shoals_end_simple, layout_shoals
Spider:1: layout_chambers, hangedman_spider_tarantella_strand
Spider:2: layout_spider_delve
Spider:3: layout_spider_delve
Spider:4: floodkiller_spider_rune_tomb, uniq_arachne
Orc:1:    layout_diamond_mine, uniq_gastronok
Orc:2:    st_orc_mages, layout_caves, basic_altar, nicolae_shop_gadgets
Elf:1:    layout_rooms, serial_shops, nicolae_shop_gibbet_a_chance,
          hangedman_corner_corridor, abandoned_shop, minmay_shop_grove
Elf:2:    nicolae_elf_blades_crystal_corner, layout_rooms, serial_shops, shop,
          evilmike_ambush [evilmike_ambush_outer_basic,
          evilmike_ambush_inner_basic], uniq_azrael, uniq_jorgrun
Elf:3:    elf_hall_gauntlet_narrow, layout_loops_cross, minmay_strange_pillars,
          nicolae_elf_vaults_five_recruitment_drive
Vaults:1: v_alt_pattern_2, st_lattice, nicolae_vaults_rhombus_6,
          vaults_standard_mumra_enter_the_diamond, hangedman_vaults_stream,
          ontoclasm_vaults_ring_large, nicolae_vaults_doubleplus_tesselated,
          vaults_mumra_minichess_inversion, vaults_room_octagon, v_misc_30,
          nicolae_vaults_trapezoid_lopsided_3, layout_vaults_ring
Vaults:2: nicolae_vaults_door_testing_chamber, nicolae_vaults_cochlea,
          v_rooms_3, v_pattern_1, v_misc_27, ontoclasm_vaults_pinch,
          nicolae_vaults_windows_and_doors_thing, nicolae_vaults_house_1,
          layout_vaults_chaotic_city, uniq_bai_suzhen
Vaults:3: gammafunk_ghost_tricky_traps, minmay_crypt_entry_simple_round,
          nicolae_vaults_surprise_closet, nicolae_vaults_wine_cellar,
          nicolae_vaults_branching_niches, nicolae_vaults_little_squares_3,
          v_misc_11, nicolae_vaults_little_squares_5,
          nicolae_vaults_double_plus_1, layout_vaults_quadrants
Vaults:4: gammafunk_ghost_fury_of_okawaru, vaults_dpeg_doors,
          nicolae_vaults_heart-shaped_vault, hangedman_vaults_hat,
          hangedman_vaults_unwind, v_misc_32, hangedman_vaults_pinch,
          nicolae_vaults_murder_corner, nicolae_vaults_mini_display_case,
          v_misc_17, grunt_vaults_focal, ontoclasm_vaults_tryst,
          vaults_room_semicircle, v_misc_13, layout_vaults_omnibox,
          serial_shops, bzr_entry_dummy, uniq_donald, uniq_margery
Vaults:5
Depths:1: layout_gridville, abyss_entry, pf_coc_iceberg,
          ploomutoo_gammafunk_ghost_potion_laboratory, serial_shops, shop_coins,
          nicolae_tso_carved_into_rock, serial_bayou_shore_b
Depths:2: minmay_the_grid_triangle_9x9_recursive_2
          [minmay_the_grid_triangle_9x9_prize_insulated,
          minmay_the_grid_triangle_9x9_zippers_vertical,
          minmay_the_grid_triangle_9x9_skeleton,
          minmay_the_grid_triangle_9x9_empty], layout_honeycomb,
          grunt_hell_entry_dis_grunt, grunt_pan_entry_in_and_out,
          nicolae_qazlal_general_emergency, serial_sigils_hangedman_quiver,
          uniq_norris, uniq_asterion
Depths:3: evilmike_inaccessible_box, layout_cross, enter_ziggurat_d, hell_entry,
          hangedman_abyss_entry_splay, pan_entry, ebering_ghost_disaster_area,
          nicolae_dithmenos_through_a_glass_darkly, minmay_shoptagon
Depths:4: grunt_zot_entry_alcove, layout_cave_shapes, hell_entry, abyss_entry,
          nicolae_ru_sacrificial_ziggurat, nicolae_rare_books,
          nicolae_sif_muna_condensation, grunt_megastairs_4
Zot:1:    layout_misc_corridors, regret_index_zotdec_carving_tricks,
          regret_index_zotdec_twisting_globes
Zot:2:    layout_gridville
Zot:3:    layout_basic, regret_index_zotdec_ex
Zot:4:    evilmike_crystal_ball_defense, layout_gridlike,
          regret_index_zotdec_decaying_basic, zot_minivault_1, uniq_tiamat,
          uniq_josephina
Zot:5:    layout_gridlike, st_stairs_3, grunt_ministairs_4

Skill      XL: |  1  2  3  4  5  6  7  8  9 10 11 12 13 14 15 16 17 18 19 20 21 22 23 24 25 26 27 |
---------------+----------------------------------------------------------------------------------+-----
Maces & Flails | 1 2 3 4 5 7 9 11 12 14 16 18 20 23 24 27 | 27.0
Fighting       | 2 3 4 5 6 9 10 13 15 16 19 20 22 25 26 27 | 27.0
Armour         | 1 6 8 10 11 14 16 18 19 20 | 20.0
Dodging        | 6 11 | 11.4
Throwing       | 3 6 12 | 12.0
Evocations     | 5 7 9 13 15 | 15.0
Shields        | 9 16 17 22 23 26 | 26.1
Spellcasting   | 3 |  3.0
Translocations | 4 5 |  5.0
Unarmed Combat | |  3.2
Shapeshifting  | |  2.4

Action                     |  1- 3 |  4- 6 |  7- 9 | 10-12 | 13-15 | 16-18 | 19-21 | 22-24 | 25-27 || total
---------------------------+-------+-------+-------+-------+-------+-------+-------+-------+-------++-------
  Melee: Unarmed           |     6 |       |       |       |       |       |       |       |       ||     6
         Whip              |    86 |    88 |   267 |       |       |       |       |       |       ||   441
         Headbutt          |    10 |    15 |    76 |   170 |   337 |   442 |   585 |   468 |   429 ||  2532
         Punch             |     5 |     3 |    20 |    60 |   139 |       |       |       |       ||   227
         Morningstar       |       |       |   116 |   378 |       |       |       |       |       ||   494
         Demon whip        |       |       |       |   261 |  1433 |  1586 |  1803 |  1392 |  1159 ||  7634
         Eveningstar       |       |       |       |       |       |       |       |    39 |    26 ||    65
  Throw: Dart              |       |       |     1 |    12 |     1 |    17 |       |       |       ||    31
         Javelin           |       |       |       |       |       |    14 |    10 |     3 |       ||    27
         Boomerang         |       |       |       |       |       |       |       |    25 |       ||    25
 Invoke: Potion Petition   |       |       |       |       |     1 |     3 |     1 |     1 |     1 ||     7
         Call Merchant     |       |       |       |       |       |     2 |     1 |       |       ||     3
         Bribe Branch      |       |       |       |       |       |       |     1 |       |     5 ||     6
Ability: Begin Untransform |     1 |       |       |       |       |       |       |       |       ||     1
  Evoke: Wand              |       |       |       |     1 |       |     1 |     3 |       |     9 ||    14
         Condenser vane    |       |       |       |       |       |       |     1 |       |       ||     1
    Use: Scroll            |       |     7 |     9 |     8 |     6 |     7 |    11 |     7 |     9 ||    64
         Potion            |       |       |     2 |       |     2 |     3 |     2 |     2 |     8 ||    19
   Stab: Distracted        |       |       |     1 |     2 |     4 |    11 |     8 |     4 |    13 ||    43
         Petrified         |       |       |       |       |     2 |       |       |       |       ||     2
 Armour: Animal skin       |    56 |     2 |       |       |       |       |       |       |       ||    58
         Chain mail        |       |    58 |   168 |   438 |   829 |   769 |   719 |   391 |   522 ||  3894
  Dodge: Dodged            |    54 |    92 |   222 |   358 |   673 |   404 |   308 |   154 |   193 ||  2458
         Repelled          |       |       |       |       |       |     8 |       |       |       ||     8
  Block: Kite shield       |       |       |       |       |    82 |  1167 |  1061 |   245 |   998 ||  3553
         Reflection        |       |       |       |       |       |    60 |    10 |     5 |       ||    75
         Tower shield      |       |       |       |       |       |       |       |   759 |       ||   759

Table legend: (Time is in decaauts)
 A = Elapsed time spent in this place.
 B = Non-inter-level travel time spent in this place.
 C = Inter-level travel time spent in this place.
 D = Time resting spent in this place.
 E = Time spent auto-exploring this place.
 F = Levels seen in this place.
 G = Mean time per level.
                   A        B        C        D        E       F      G
               +--------+--------+--------+--------+--------+-----+--------+
         Total |  88349 |  82190 |   6159 |  29931 |  36648 |  56 | 1577.7 |
       Dungeon |  19704 |  17057 |   2647 |   3132 |  10922 |  15 | 1313.6 |
        Temple |    116 |     76 |     40 |     61 |      0 |   1 |  116.0 |
          Lair |   8291 |   7754 |    537 |   1933 |   4659 |   5 | 1658.2 |
        Shoals |   5992 |   5752 |    240 |   1240 |   3496 |   4 | 1498.0 |
   Spider Nest |   8895 |   8560 |    335 |   4254 |   2802 |   4 | 2223.8 |
  Orcish Mines |   4521 |   4161 |    360 |   2547 |   1114 |   2 | 2260.5 |
   Elven Halls |   6845 |   6320 |    525 |   2795 |   2182 |   3 | 2281.7 |
        Vaults |  11406 |  10559 |    847 |   2483 |   5234 |   5 | 2281.2 |
        Depths |  11768 |  11371 |    397 |   6544 |   3376 |   4 | 2942.0 |
           Zot |   8316 |   8089 |    227 |   3430 |   2663 |   5 | 1663.2 |
      Ziggurat |    791 |    791 |      0 |    664 |      0 |   4 |  197.8 |
        Bazaar |     80 |     80 |      0 |      0 |     74 |   1 |   80.0 |
       Ossuary |    216 |    216 |      0 |      0 |    125 |   1 |  216.0 |
        Bailey |    509 |    509 |      0 |    301 |      0 |   1 |  509.0 |
      Gauntlet |    891 |    891 |      0 |    545 |      0 |   1 |  891.0 |
               +--------+--------+--------+--------+--------+-----+--------+

Top non-repeatable levels by time:
Spider:4: 3701 daAuts
Depths:4: 3639 daAuts
   Orc:1: 3336 daAuts
  Lair:5: 3139 daAuts
Vaults:4: 3064 daAuts
Depths:1: 2976 daAuts
Depths:2: 2828 daAuts
Spider:1: 2821 daAuts
   Elf:3: 2804 daAuts
    D:10: 2688 daAuts
   Zot:3: 2640 daAuts
Vaults:3: 2531 daAuts
Depths:3: 2324 daAuts
Shoals:4: 2094 daAuts
   Elf:1: 2045 daAuts
